 Dungeon Crawl Stone Soup version 0.25.1-2-g60ff931df9 (webtiles) character file.

Game seed: 636263881227952491

152 Joeren the Firebug (level 5, -1/35 HPs)
             Began as a Formicid Fire Elementalist on Aug 31, 2020.
             Killed by nerve-wracking pain
             ... invoked by an orc priest
              (3 damage)
             ... on level 4 of the Dungeon.
             The game lasted 00:18:05 (3720 turns).

Joeren the Firebug (Formicid Fire Elementalist)     Turns: 3720, Time: 00:18:05

Health: -1/35      AC:  3    Str: 12    XL:     5   Next: 60%
Magic:  8/8        EV: 12    Int: 16    God:
Gold:   135        SH:  0    Dex: 11    Spells: 4/8 levels left

rFire    . . .     SeeInvis +   p - +1 short sword (venom)
rCold    . . .     Gourm    .   (no shield)
rNeg     . . .     Faith    .   a - +1 robe
rPois    .         Spirit   .   (helmet unavailable)
rElec    .         Reflect  .   (no cloak)
rCorr    .         Harm     .   (no gloves)
MR       .....                  (no boots)
Stlth    ++........             j - amulet of the acrobat
HPRegen  0.11/turn              (no ring)
MPRegen  0.11/turn              (no ring)

@: very slightly contaminated
A: permanent stasis, dig shafts and tunnels, four strong arms, antennae 3
a: Dig, Shaft Self


You were on level 4 of the Dungeon.
You were not hungry.

You visited 1 branch of the dungeon, and saw 4 of its levels.

You collected 135 gold pieces.

Inventory:

Hand Weapons
 e - a +0 club
 k - a +0 dagger
 p - a +1 short sword of venom (weapon)
 q - a +0 hunting sling
Missiles
 l - 119 stones (quivered)
Armour
 a - a +1 robe (worn)
Jewellery
 j - an amulet of the acrobat (around neck)
 r - a +6 ring of strength {unknown}
Scrolls
 b - 2 scrolls of identify
 f - a scroll of enchant armour
 i - 5 scrolls of remove curse
 m - a scroll of random uselessness
 n - a scroll of teleportation
 o - 2 scrolls of magic mapping
Potions
 t - a potion of invisibility
Comestibles
 c - 3 rations
 d - a chunk of flesh


   Skills:
 - Level 1.7 Dodging
 - Level 4.0 Stealth
 - Level 2.1 Spellcasting
 + Level 2.9 Conjurations
 + Level 4.2 Fire Magic


You had 4 spell levels left.
You knew the following spells:

 Your Spells              Type           Power        Failure   Level  Hunger
a - Foxfire               Conj/Fire      ##..         4%          1    #......
b - Conjure Flame         Conj/Fire      ##......     14%         3    ###....

Your spell library contained the following spells:

 Spells                   Type           Power        Failure   Level  Hunger
 Inner Flame              Hex/Fire       #.......     26%         3    ###....
 Sticky Flame             Conj/Fire      ##......     43%         4    #####..
 Fireball                 Conj/Fire      ##........   78%         5    ######.


Dungeon Overview and Level Annotations

Branches:
Dungeon (4/15)
 Temple: D:4-7

Altars:
Yredelemnul

Annotations:
D:3 exclusion: 2 orcs


Innate Abilities, Weirdness & Mutations

You cannot be hasted, slowed, berserked, paralysed or teleported.
You can dig through walls and to a lower floor.
Your four strong arms can wield two-handed weapons with a shield.
You have a pair of large antennae on your head. (SInv)


Message History

The orc priest barely misses you.
You hit the orc priest.
The orc priest is poisoned.
The orc priest is lightly wounded.
The orc priest barely misses you.
You barely miss the orc priest.
The orc priest is lightly wounded.
The orc priest hits you but does no damage.
You hit the orc priest.
The orc priest is severely wounded.
The orc priest hits you with a +0 dagger.
* * * LOW HITPOINT WARNING * * *
You barely miss the orc priest.
The orc priest is severely wounded.
The orc priest hits you with a +0 dagger.
* * * LOW HITPOINT WARNING * * *
You closely miss the orc priest.
The orc priest is severely wounded.
The orc priest invokes the aid of Beogh against you.
Pain shoots through your body!
You die...

# .# #...$
######.#.##
#.o.÷.....##
#@####.....# #.#
.....##
#.####.##.#.#....
#.......S.#.#.####.#
######.####.<......#
#.....o..######
######†#.# #.#.#
###.#


You could see an orc priest (very poisoned).

Vanquished Creatures
  An orc priest (D:4)
  An orc wizard (D:4)
  3 adders
  2 oozes (D:1)
  A dart slug (D:1)
  3 leopard geckos
  A ball python (D:2)
  2 giant cockroaches (D:2)
  9 goblins
  9 hobgoblins
  2 jackals (D:4)
  4 kobolds
  A quokka (D:2)
  6 bats
  3 frilled lizards
  9 rats
57 creatures vanquished.

Vanquished Creatures (others)
  154 foxfires
154 creatures vanquished.

Grand Total: 211 creatures vanquished

Notes
Turn   | Place    | Note
-------+----------+-------------------------------------------
     0 | D:1      | Joeren the Formicid Fire Elementalist began the quest for
                  | the Orb.
     0 | D:1      | Reached XP level 1. HP: 13/13 MP: 3/3
   207 | D:1      | Reached skill level 1 in Conjurations
   290 | D:1      | Reached XP level 2. HP: 14/19 MP: 0/5
   648 | D:1      | Reached XP level 3. HP: 23/24 MP: 0/6
  2147 | D:2      | Reached XP level 4. HP: 30/30 MP: 4/7
  2766 | D:2      | Found a basalt altar of Yredelemnul.
  3519 | D:3      | Learned a level 3 spell: Conjure Flame
  3622 | D:4      | HP: 1/30 [orc priest/nerve-wracking pain (5)]
  3642 | D:4      | Reached XP level 5. HP: 4/35 MP: 8/8
  3720 | D:4      | Killed from afar by an orc priest

Illustrated notes

Levels and vault maps discovered:
D:1:      minmay_arrival_pointy, layout_basic
D:2:      layout_loops_ring, yredelemnul_altar_generic, first_ration
D:3:      layout_basic
D:4:      layout_loops_corners, nicolae_ossuary_entry_ruins

Skill      XL: |  1  2  3  4  5 |
---------------+----------------+-----
Conjurations   | 1 2 |  2.9
Stealth        | 3 4 |  4.0
Fire Magic     | 4 |  4.2
Dodging        | |  1.7
Spellcasting   | |  2.1

Action                   |  1- 3 |  4- 6 || total
-------------------------+-------+-------++-------
Melee: Club              |     7 |       ||     7
       Short sword       |     2 |    39 ||    41
       Dagger            |     1 |       ||     1
Throw: Stone             |     1 |     5 ||     6
 Cast: Foxfire           |    70 |    48 ||   118
 Abil: Dig               |       |     1 ||     1
  Use: Potion            |     1 |     5 ||     6
       Scroll            |       |     9 ||     9
 Stab: Invisible         |       |     1 ||     1
  Eat: Chunk             |     5 |     6 ||    11
Armor: Robe              |     1 |     4 ||     5
       Skin              |       |     5 ||     5
Dodge: Dodged            |    22 |    32 ||    54
